AoeStats
← ToniMontana_kz

Coastal Forest

503259398Analyzed
3v3 RM · 1mo ago on Aug 30, 2026· 50m 55s· 6 players
Game mode
Random Map
Map size
Normal (6 player)
Population
200
Speed
Normal
Resources
Standard
Victory
Conquest
Starting age
Dark Age
Ending age
Imperial Age
RankedLock teamsTeams togetherTeam positionsShared explorationLock speedFull tech treeHidden civsTurbo modeCheats
Victory
Defeat
🇺🇸 Saracens · United States
1026
+13
🇲🇽 Persians · Mexico
1023
+13
🇲🇽 Vikings · Mexico
995
+15
🇹🇷 Khmer · Türkiye
987
-15
🇷🇺 Turks · Russia
958
-13
🇰🇿 Maya · Kazakhstan
952
-13
Mono de Guayaba
3:05 Loom
14:18 Feudal Age
16:11 Double-Bit Axe
16:45 Gold Mining
16:50 Fishing Lines
23:15 Castle Age
21:35 Padded Archer Armor
23:40 Fletching
23:52 Padded Archer Armor
24:59 Bow Saw
25:32 Gold Shaft Mining
25:35 Gillnets
27:16 Leather Archer Armor
26:57 Bodkin Arrow
26:58 Heated Shot
27:28 Murder Holes
27:45 Fortified Wall
30:45 Ballistics
30:38 Masonry
33:13 Clinker Construction
33:14 Careening
37:10 Imperial Age
38:04 Bogsveigar
38:29 Arson
41:02 Chemistry
41:48 Chieftains
42:59 Forging
42:50 Scale Mail Armor
46:18 Squires
46:03 Gambesons
48:19 Ring Archer Armor
47:50 Bracer
48:10 Chain Mail Armor
48:31 Iron Casting
Mijolas
4:55 Loom
13:18 Feudal Age
16:01 Double-Bit Axe
16:34 Horse Collar
17:57 Fletching
18:08 Padded Archer Armor
22:42 Wheelbarrow
29:06 Castle Age
29:14 Crossbowman
30:01 Thumb Ring
29:52 Bodkin Arrow
30:12 Leather Archer Armor
34:02 Hand Cart
35:06 Heavy Plow
34:36 Elite Skirmisher
44:03 Scale Barding Armor
44:09 Forging
44:32 Bloodlines
43:43 Light Cavalry
45:42 Chain Barding Armor
46:11 Husbandry
AquilesBaeza952
7:30 Loom
10:20 Feudal Age
11:00 Double-Bit Axe
12:27 Horse Collar
15:09 Scale Barding Armor
16:49 Bloodlines
19:52 Forging
24:44 Wheelbarrow
29:01 Castle Age
29:57 Chain Barding Armor
30:14 Iron Casting
29:02 Light Cavalry
31:37 Gold Mining
37:01 Hand Cart
39:14 Gold Shaft Mining
43:43 Imperial Age
44:53 Town Watch
47:48 Town Patrol
49:26 Cavalier
DANGER DANGER Game Ranger
5:25 Loom
10:37 Loom
13:05 Feudal Age
14:55 Wheelbarrow
14:10 Double-Bit Axe
20:02 Castle Age
25:01 Imperial Age
33:31 Padded Archer Armor
ToniMontana_kz
0:49 Loom
12:56 Feudal Age
31:08 Castle Age
42:33 Horse Collar
ay1turkey
11:15 Feudal Age
9:32 Loom
20:05 Castle Age
19:30 Fletching
19:41 Padded Archer Armor
19:29 Double-Bit Axe
21:19 Elite Skirmisher
24:06 Horse Collar
29:11 Pikeman
30:21 Bloodlines
30:12 Husbandry
35:52 Heavy Plow
41:22 Tusk Swords
42:34 Gold Mining
42:40 Stone Mining
48:48 Bow Saw
Connection lost

Rejoining the realm…

Still unreachable

The connection could not be restored.

Session expired

The server has moved on; the page needs a fresh start.